 Dungeon Crawl Stone Soup version 0.29-a0-613-gf2c431b9b9 (webtiles) character file.

Game seed: 5342873080801285613

45 Patoropollo the Skirmisher (level 3, -2/33 HPs)
             Began as a Minotaur Berserker on June 17, 2022.
             Was a Believer of Trog.
             Slain by Sigmund
             ... wielding a +0 scythe
              (9 damage)
             ... on level 2 of the Dungeon.
             The game lasted 00:03:24 (961 turns).

Patoropollo the Skirmisher (Minotaur Berserker)      Turns: 961, Time: 00:03:25

Health: -2/33      AC:  9    Str: 23    XL:     3   Next: 42%
Magic:  2/2        EV: 10    Int:  4    God:    Trog [**....]
Gold:   84         SH:  0    Dex:  9    Spells: 2/2 levels left

rFire   . . .      SeeInvis .   a - +0 spear
rCold   . . .      Faith    .   (no shield)
rNeg    . . .      Spirit   .   e - +0 scale mail
rPois   .          Reflect  .   (helmet restricted)
rElec   .          Harm     .   i - +0 cloak
rCorr   .          Rampage  .   d - +0 pair of gloves
Will    +....                   (no boots)
Stlth   ..........              (no amulet)
HPRegen 0.11/turn               h - ring of willpower
MPRegen 0.08/turn               (no ring)

@: no status effects
A: horns 2, retaliatory headbutt
a: Renounce Religion, Berserk, Trog's Hand


You were on level 2 of the Dungeon.
You worshipped Trog.
Trog was pleased with you.
You visited 1 branch of the dungeon, and saw 2 of its levels.

You collected 84 gold pieces.

Inventory:

Hand Weapons
 a - a +0 spear (weapon)
Armour
 d - a +0 pair of gloves (worn)
 e - a +0 scale mail (worn)
 i - a +0 cloak (worn)
Jewellery
 h - a ring of willpower (left hand)
 j - a ring of ice
 k - a +6 ring of intelligence
Scrolls
 b - a scroll of identify {unknown}
 g - 4 scrolls of vulnerability {unknown}
 l - a scroll of teleportation {unknown}
Potions
 c - a potion of haste {unknown}
 f - 2 potions of invisibility {unknown}


   Skills:
 + Level 4.1 Fighting
 + Level 4.1 Polearms
 + Level 3.2 Armour
 + Level 2.8 Dodging


You had 2 spell levels left.
You didn't know any spells.
Your spell library was empty.

Dungeon Overview and Level Annotations

Branches:
Dungeon (2/15)

Altars:

Shops:
D:1 [

Annotations:
D:2 Sigmund


Innate Abilities, Weirdness & Mutations

You have a pair of horns on your head.
You reflexively headbutt those who attack you in melee.


Message History

Reach: a) +0 spear
Press: ? - help, Dir - move target You reach to attack!
You attack empty space.
Reach: a) +0 spear
Press: ? - help, Dir - move target You reach to attack!
You miss something. Something hits you but does no damage.
You barely miss something. Something hits you but does no damage.
You hit something. Your headbutt misses something. Something hits you.
You hit something. You hit something.
You hear some strange, mumbled words.
A puff of flame appears from out of thin air!
The puff of flame misses you.
You hit something. Your headbutt misses something.
Something hits you but does no damage.
You hit something but do no damage. You miss something.
Your headbutt misses something. Something hits you but does no damage.
You miss something.
You hear some strange, mumbled words.
A magic dart appears from out of thin air!
The magic dart hits you.
You hit something. Your headbutt misses something. You barely miss something.
Something hits you but does no damage.
You miss something. Something hits you.
You closely miss something. You closely miss something.
Your headbutt misses something. Something hits you.
You barely miss something. Your headbutt misses something. You hit something.
Something hits you.
You hit something. Your headbutt misses something. Something hits you!
You barely miss something. You barely miss something. Something hits you.
* * * LOW HITPOINT WARNING * * *
You closely miss something. You hit something.
You hear some strange, mumbled words.
A magic dart appears from out of thin air!
The magic dart hits you but does no damage.
You barely miss something. Something hits you!
You die...

..".........
#........#
##........#
#.........#
#.........#
#.#+#'#####
# #.# # #{#
# #@# ######
#.# .....#
#.# ####†#
#.# # #.#
#.# # #.#
#.# # #.#
#.# # #.#
#.# # #.#
#.#


There were no monsters in sight!

Vanquished Creatures
  An adder (D:2)
  A worm (D:2)
  A dart slug (D:1)
  4 ball pythons
  An endoplasm (D:1)
  2 giant cockroaches (D:1)
  2 goblins (D:1)
  3 hobgoblins (D:1)
  3 kobolds (D:1)
  3 quokkas
  4 bats
  A frilled lizard (D:1)
  4 rats (D:1)
30 creatures vanquished.

Notes
Turn   | Place    | Note
-------+----------+-------------------------------------------
     0 | D:1      | Patoropollo the Minotaur Berserker began the quest for the
                  | Orb.
     0 | D:1      | Reached XP level 1. HP: 19/19 MP: 0/0
   143 | D:1      | Reached XP level 2. HP: 27/27 MP: 1/1
   191 | D:1      | Found Eqaz Kou's Antique Armour Boutique.
   546 | D:1      | Reached XP level 3. HP: 28/33 MP: 2/2
   787 | D:2      | Reached ** piety under Trog
   928 | D:2      | Noticed Sigmund
   961 | D:2      | Slain by Sigmund

Illustrated notes

Levels and vault maps discovered:
D:1:      evilmike_arrival_crescent, layout_rooms, serial_shops,
          nicolae_shop_advertising_works [nicolae_subvault_shop_adworks],
          nicolae_concentric_dashed_squares_mild, minmay_misc_feat_doors
D:2:      layout_basic, uniq_sigmund, uniq_terence

Skill      XL: |  1  2 |
---------------+-------+-----
Polearms       | 4 |  4.1
Armour         | 3 |  3.2
Fighting       | 4 |  4.1
Dodging        | |  2.8

Action                   || total
-------------------------++-------
Melee: Spear             ||   102
       Headbutt          ||     9
 Stab: Sleeping          ||     1
Armor: Scale mail        ||    20
       Animal skin       ||     1
Dodge: Dodged            ||    27

Table legend: (Time is in decaauts)
 A = Elapsed time spent in this place.
 B = Non-inter-level travel time spent in this place.
 C = Inter-level travel time spent in this place.
 D = Time resting spent in this place.
 E = Time spent auto-exploring this place.
 F = Levels seen in this place.
 G = Mean time per level.
                   A        B        C        D        E       F      G
               +--------+--------+--------+--------+--------+-----+--------+
         Total |    950 |    886 |     64 |      0 |    675 |   2 |  475.0 |
       Dungeon |    950 |    886 |     64 |      0 |    675 |   2 |  475.0 |
               +--------+--------+--------+--------+--------+-----+--------+

Top non-repeatable levels by time:
     D:1: 738 daAuts
     D:2: 212 daAuts
